[ AOE2 MATCH · #506120564 ]
UnrankedSaracens vs Incas
Player's team · WIN
Rival team · LOSS
[ REPLAY ANALYSIS · EXTRACTED FROM THE RECORDED GAME ]
Feudal
9:56
Castle
14:48
Imperial
—
| APM avg | 45.5 |
| APM peak | 73 |
| eAPM avg | 13.9 |
| Villagers / military | 28 / 8 |
Focus
⚔️ 17.7% · 🌾 82.3%
Archer ×8
Feudal
9:46
Castle
—
Imperial
—
| APM avg | 53.8 |
| APM peak | 73 |
| eAPM avg | 19.6 |
| Villagers / military | 41 / 0 |
Focus
⚔️ 29.6% · 🌾 70.4%
Unknown (2550) ×5
Match map
Initial resources + every placement click. Lines = walls · curves = elevation contours. ◆ gold · ⬟ stone · ● berries · ✦ relic · ◌ wall gap
Your base· Open — 2t gap
Hemingway's base· Open — 8t gap
Smoothed initial terrain · ◌ = detected wall gap · hover for details
Inputs per minute
— Ztou9 - - Hemingway
Build order — Ztou9
64 actions detected in the replay
| 0:01 | Queue | Villager (Male) |
| 0:01 | Queue | Villager (Male) |
| 0:02 | Build | House |
| 0:14 | Build | House |
| 0:29 | Queue | Villager (Male) |
| 0:30 | Queue | Villager (Male) |
| 1:29 | Queue | Villager (Male) |
| 1:29 | Queue | Villager (Male) |
| 1:46 | Build | Lumber Camp |
| 1:54 | Queue | Villager (Male) |
| 2:25 | Queue | Villager (Male) |
| 2:26 | Queue | Villager (Male) |
| 3:05 | Queue | Villager (Male) |
| 3:06 | Queue | Villager (Male) |
| 3:06 | Queue | Villager (Male) |
| 3:35 | Build | House |
| 3:36 | Build | House |
| 3:59 | Queue | Villager (Male) |
| 4:13 | Queue | Villager (Male) |
| 4:14 | Queue | Villager (Male) |
| 4:41 | Queue | Villager (Male) |
| 4:41 | Queue | Villager (Male) |
| 4:42 | Queue | Villager (Male) |
| 5:35 | Queue | Villager (Male) |
| 5:35 | Queue | Villager (Male) |
| 5:54 | Build | Mill |
| 5:57 | Queue | Villager (Male) |
| 6:18 | Queue | Villager (Male) |
| 6:57 | Queue | Villager (Male) |
| 7:03 | Build | Farm |
| 7:05 | Build | Farm |
| 7:46 | Research | Feudal Age |
| 7:46 | Research | Feudal Age |
| 8:08 | Build | Barracks |
| 8:49 | Queue | Villager (Male) |
| 9:00 | Build | Farm |
| 9:21 | Build | House |
| 9:23 | Queue | Villager (Male) |
| 9:56 | Age | Feudal Age |
| 10:01 | Build | Archery Range |
| 10:10 | Research | Double-Bit Axe |
| 10:26 | Queue | Villager (Male) |
| 10:58 | Build | Market |
| 10:58 | Queue | Archer |
| 11:00 | Queue | Villager (Male) |
| 11:10 | Build | Farm |
| 11:12 | Build | Farm |
| 11:41 | Queue | Archer |
| 11:43 | Queue | Villager (Male) |
| 11:55 | Build | House |
| 12:08 | Research | Castle Age |
| 12:17 | Queue | Archer |
| 12:32 | Build | House |
| 12:41 | Queue | Archer |
| 12:46 | Build | Farm |
| 13:01 | Queue | Archer |
| 13:19 | Build | Blacksmith |
| 13:31 | Queue | Archer |
| 13:42 | Build | Farm |
| 13:44 | Queue | Archer |
| 14:11 | Research | Fletching |
| 14:31 | Queue | Archer |
| 14:48 | Age | Castle Age |
| 14:51 | Research | Crossbowman (upgrade) |
Build order — Hemingway
65 actions detected in the replay
| 0:01 | Queue | Villager (Male) |
| 0:01 | Queue | Villager (Male) |
| 0:01 | Queue | Villager (Male) |
| 0:03 | Build | House |
| 0:12 | Build | Barracks |
| 0:27 | Queue | Villager (Male) |
| 0:28 | Queue | Villager (Male) |
| 1:11 | Queue | Unit 2550 |
| 1:16 | Queue | Villager (Male) |
| 1:16 | Queue | Villager (Male) |
| 1:45 | Queue | Villager (Male) |
| 1:45 | Queue | Villager (Male) |
| 2:09 | Queue | Villager (Male) |
| 2:09 | Queue | Villager (Male) |
| 2:40 | Queue | Villager (Male) |
| 2:40 | Queue | Villager (Male) |
| 3:00 | Queue | Villager (Male) |
| 3:04 | Build | House |
| 3:36 | Queue | Villager (Male) |
| 3:36 | Queue | Villager (Male) |
| 3:53 | Queue | Unit 2550 |
| 4:02 | Queue | Villager (Male) |
| 4:02 | Queue | Villager (Male) |
| 4:22 | Queue | Villager (Male) |
| 4:23 | Queue | Villager (Male) |
| 4:58 | Queue | Villager (Male) |
| 4:58 | Queue | Villager (Male) |
| 5:26 | Queue | Villager (Male) |
| 5:26 | Queue | Villager (Male) |
| 5:52 | Build | Settlement |
| 6:21 | Queue | Villager (Male) |
| 6:21 | Queue | Villager (Male) |
| 7:09 | Research | Loom |
| 7:30 | Research | Feudal Age |
| 7:59 | Build | Settlement |
| 9:03 | Queue | Villager (Male) |
| 9:10 | Queue | Unit 2550 |
| 9:31 | Queue | Villager (Male) |
| 9:46 | Age | Feudal Age |
| 9:47 | Research | Tech 1402 |
| 10:11 | Queue | Unit 2550 |
| 10:32 | Queue | Villager (Male) |
| 10:41 | Research | Arson |
| 10:46 | Build | Farm |
| 10:47 | Build | Farm |
| 10:47 | Build | Farm |
| 10:47 | Build | Farm |
| 10:57 | Build | Settlement |
| 11:07 | Queue | Villager (Male) |
| 11:24 | Queue | Villager (Male) |
| 11:50 | Queue | Villager (Male) |
| 12:13 | Queue | Villager (Male) |
| 12:21 | Queue | Villager (Male) |
| 12:25 | Build | Market |
| 12:37 | Queue | Villager (Male) |
| 12:52 | Queue | Villager (Male) |
| 12:57 | Research | Double-Bit Axe |
| 13:06 | Queue | Villager (Male) |
| 13:18 | Queue | Villager (Male) |
| 13:25 | Build | Blacksmith |
| 13:32 | Queue | Villager (Male) |
| 13:43 | Queue | Villager (Male) |
| 14:38 | Queue | Villager (Male) |
| 14:43 | Research | Scale Mail Armor |
| 14:44 | Queue | Unit 2550 |
Match timeline
| 0:12 | Hemingway · first_building Barracks |
| 8:08 | Ztou9 · first_building Barracks |
| 9:46 | Hemingway · age_up feudal |
| 9:56 | Ztou9 · age_up feudal |
| 10:01 | Ztou9 · first_building Archery Range |
| 12:02 | Ztou9 · first_market_sell 500 stone |
| 12:05 | Ztou9 · first_market_buy 100 food |
| 14:48 | Ztou9 · age_up castle |
| 14:54 | Hemingway · resign |
[ AI ANALYSIS · 1 CREDIT ]
What really happened in this match?
Wolo.gg analyzes every decision: build order, eco, micro, common mistakes by bracket. Personalized analysis on WhatsApp or Discord in 30 seconds.
Civ guide
Saracens
Perfil
Jugador #18202829